 Dungeon Crawl Stone Soup version 0.25.1-1-g288607f5aa (webtiles) character file.

Game seed: 3398545751354736235

65 Delamore the Chopper (level 4, -7/35 HPs)
             Began as a Formicid Fighter on July 27, 2020.
             Killed by divine providence
             ... invoked by an orc priest
              (16 damage)
             ... on level 3 of the Dungeon.
             The game lasted 00:01:37 (1898 turns).

Delamore the Chopper (Formicid Fighter)             Turns: 1898, Time: 00:01:38

Health: -7/35      AC:  6    Str: 22    XL:     4   Next: 35%
Magic:  4/4        EV:  8    Int:  7    God:
Gold:   83         SH:  9    Dex: 10    Spells: 3/3 levels left

rFire    . . .     SeeInvis +   k - +0 spear (curse)
rCold    . . .     Gourm    .   c - +0 kite shield
rNeg     . . .     Faith    .   b - +0 scale mail
rPois    .         Spirit   .   (helmet unavailable)
rElec    .         Reflect  .   (no cloak)
rCorr    .         Harm     .   (no gloves)
MR       .....                  (no boots)
Stlth    ..........             (no amulet)
HPRegen  0.11/turn              e - ring of teleportation (curse)
MPRegen  0.09/turn              (no ring)

@: no status effects
A: permanent stasis, dig shafts and tunnels, four strong arms, antennae 3
a: Dig, Shaft Self


You were on level 3 of the Dungeon.
You were not hungry.

You visited 1 branch of the dungeon, and saw 3 of its levels.

You collected 83 gold pieces.

Inventory:

Hand Weapons
 a - a +0 war axe
 k - a cursed +0 spear (weapon)
 p - a +0 hand axe
Armour
 b - a +0 scale mail (worn)
 c - a +0 kite shield (worn)
 j - a +0 plate armour
 o - a +0 chain mail
Jewellery
 e - a cursed ring of teleportation (left hand)
 m - a +4 ring of evasion
Scrolls
 h - a scroll of amnesia {unknown}
 l - a scroll of teleportation {unknown}
 n - a scroll of remove curse {unknown}
Potions
 d - a potion of might
 g - a potion of ambrosia {unknown}
 i - a potion of cancellation {unknown}
 q - a potion of degeneration {unknown}
Comestibles
 f - 5 rations
 r - 2 chunks of flesh


   Skills:
 - Level 3.2 Fighting
 + Level 4.3 Axes
 - Level 3.2 Armour
 - Level 3.6 Shields


You had 3 spell levels left.
You didn't know any spells.
Your spell library was empty.

Dungeon Overview and Level Annotations

Branches:
Dungeon (3/15)

Altars:
Hepliaklqana
Zin


Innate Abilities, Weirdness & Mutations

You cannot be hasted, slowed, berserked, paralysed or teleported.
You can dig through walls and to a lower floor.
Your four strong arms can wield two-handed weapons with a shield.
You have a pair of large antennae on your head. (SInv)


Message History

The orc priest hits you but does no damage.
You barely miss the orc priest.
An orc comes into view.
It is wearing a +0 leather armour of fire resistance.
You block the orc priest's attack.
You barely miss the orc priest.
The orc shouts!
The orc priest hits you with a +0 dagger.
You hit the orc priest.
The orc priest is moderately wounded.
The orc priest hits you with a +0 dagger.
You hit the orc priest.
The orc priest is heavily wounded.
The orc priest mumbles some strange prayers to Beogh against you.
Pain shoots through your body!
* * * LOW HITPOINT WARNING * * *
Quiver which item? (- for none, * to show all) (? for menu, Esc to quit)
Okay, then.
The orc priest calls down the wrath of Beogh upon you.
Beogh smites you!
You die...

############# #...........#
#.#########.# #.# #.#
.################.#########.#
.....oro.o.o@.........#.....#
#############..##.###.#.#####
.#######..##.#...#.#
........>.)#.#.###.#
.......#...#.#.# #.#
.#####.#...#.#.###.#
#...#.#...#.#.....#
#.....#...#.#######
..#####.#...#.......#


You could see 2 orc priests, 2 orcs and a quokka.

Vanquished Creatures
  2 adders (D:2)
  A worm (D:3)
  A dart slug (D:1)
  2 leopard geckos (D:1)
  5 orcs (D:3)
  5 bats
  2 giant cockroaches (D:2)
  4 hobgoblins
  5 kobolds
  3 frilled lizards
  7 rats
37 creatures vanquished.

Notes
Turn   | Place    | Note
-------+----------+-------------------------------------------
     0 | D:1      | Delamore the Formicid Fighter began the quest for the Orb.
     0 | D:1      | Reached XP level 1. HP: 18/18 MP: 1/1
    59 | D:1      | Reached XP level 2. HP: 24/24 MP: 2/2
   241 | D:1      | Reached skill level 3 in Axes
   830 | D:2      | Reached XP level 3. HP: 29/29 MP: 3/3
   937 | D:2      | Found a glowing silver altar of Zin.
  1118 | D:2      | Found a hazy altar of Hepliaklqana.
  1333 | D:2      | Reached skill level 4 in Axes
  1333 | D:2      | Reached XP level 4. HP: 33/35 MP: 4/4
  1898 | D:3      | Killed from afar by an orc priest

Illustrated notes

Levels and vault maps discovered:
D:1:      mushboom_english_gardens, layout_loops_cross, serial_glass,
          glass_columns_a, glass_columns_a
D:2:      layout_basic, zin_academy, lemuel_doored_altar
D:3:      layout_basic, first_ration, minmay_hedge_maze, uniq_terence

Skill      XL: |  1  2  3 |
---------------+----------+-----
Axes           | 3 4 |  4.3
Fighting       | |  3.2
Armour         | |  3.2
Shields        | |  3.6

Action                   |  1- 3 |  4- 6 || total
-------------------------+-------+-------++-------
Melee: War axe           |    56 |       ||    56
       Spear             |    65 |    43 ||   108
  Eat: Chunk             |     1 |     2 ||     3
Armor: Scale mail        |    70 |     6 ||    76
Dodge: Dodged            |    47 |    14 ||    61
Block: Kite shield       |    70 |     9 ||    79
